Was heavily destroyed and began to insult

Match 20557899
End
Royal Engineer Section
Vickers Machine Gun Team
Selects Air and Sea Battlegroup
Royal Engineer Section
Construct Section Command Post
Infantry Section
Construct Field Infirmary
Construct Field Infirmary
Vickers Machine Gun Team
Construct Platoon Command Post
Selects Commando Section Paradrop
6-pounder Anti-tank Gun Team
Selects Supply Surplus
Humber Armored Car
Selects Commando LMG Section Paradrop
Infantry Section
AI Takeover
Rechter Winkel
Reakly
0
0

Comments sign in to comment!

No comments posted yet!